Cogmind - Beta 13 @@@ ROGUE MODE // 2024.06.04 @ 21:24:41 Player: Kat Result: Self-destructed Performance ------------- Evolutions (1) 500 Regions Visited (2) 400 Robots Destroyed (38) 190 Value Destroyed (850) 850 Prototype IDs (3) 60 Alien Tech Used (0) 0 Bonus (0) 0 TOTAL SCORE: 2000 Bonus ------- None Cogmind --------- Core Integrity 310/400 Matter 300/300 Energy 160/160 System Corruption 0% Temperature Cool (0) Movement Walking (120) Location -9/Materials Parts ------- > --- POWER (1) -------- Light Nuclear Core > --- PROPULSION (3) --- Aluminum Leg Aluminum Leg Aluminum Leg > --- UTILITY (3) ------ Cooling System Medium Storage Unit > --- WEAPON (2) ------- Beam Cannon > --- INVENTORY (10) --- Improved Heat Sink Sensor Array Light Armor Plating Hacking Suite Hacking Suite Beam Cannon Beam Cannon Rocket Launcher Rocket Launcher Peak State ------------ > --- POWER ------------ Light Nuclear Core > --- PROPULSION ------- Aluminum Leg Aluminum Leg Aluminum Leg > --- UTILITY ---------- Improved Heat Sink Medium Storage Unit Light Armor Plating > --- WEAPON ----------- Beam Cannon Improved Assault Rifle > --- INVENTORY -------- Light Nuclear Core Aluminum Leg Sensor Array Light Armor Plating Hacking Suite Beam Cannon Beam Cannon Beam Cannon Grenade Launcher [Rating: 16] Favorites ----------- Power Light Nuclear Core Engine Ion Engine Power Core Light Nuclear Core Propulsion Aluminum Leg Leg Aluminum Leg Utility Medium Storage Unit Device Improved Heat Sink Storage Medium Storage Unit Protection Light Armor Plating Weapon Beam Cannon Energy Gun Small Laser Energy Cannon Beam Cannon Ballistic Gun Improved Assault Rifle Build | -11 -10 -9 ------- Run | Yrd Mat Mat Slots Evolved 2 | . . 2 Power . | . . . Propulsion 1 | . . 1 Utility 1 | . . 1 Weapon . | . . . Parts Attached 29 | 6 9 14 Power 4 | 1 2 1 Engine 1 | 1 . . Core 3 | . 2 1 Reactor . | . . . Propulsion 9 | 2 2 5 Treads . | . . . Leg 9 | 2 2 5 Wheel . | . . . Hover . | . . . Flight . | . . . Utility 6 | 1 3 2 Device 2 | . 1 1 Storage 2 | 1 1 . Processor . | . . . Hackware . | . . . Protection 2 | . 1 1 Artifact . | . . . Weapon 10 | 2 2 6 Energy Gun 4 | 2 . 2 Energy Cannon 5 | . 2 3 Ballistic Gun 1 | . . 1 Ballistic Cannon . | . . . Launcher . | . . . Special Weapon . | . . . Impact Weapon . | . . . Slashing Weapon . | . . . Piercing Weapon . | . . . Special Melee Weapon . | . . . Unidentified Prototypes 3 | . . 3 Parts Lost 3 | . . 3 Power 1 | . . 1 Propulsion 1 | . . 1 Utility 1 | . . 1 Weapon . | . . . Highest Loss Streak 2 | . . 2 To Critical Strikes . | . . . Average Slot Usage (%) 99 | . 99 97 Engine 4 | . 6 . Core 8 | . 7 10 Leg 29 | . 28 32 Device 9 | . 9 11 Storage 13 | . 14 11 Protection 5 | . 4 9 Energy Gun 6 | . 9 . Energy Cannon 19 | . 18 21 Naked Turns . | . . . Heaviest Build 26 | 13 22 26 Greatest Support 30 | 20 20 30 Greatest Overweight (x) 2 | 2 1 . Average Overweight (x) . | . . . Largest Inventory Capacity 10 | 8 10 10 Average Capacity 9 | 7 9 10 Most Carried 10 | 2 10 10 Average Carried 9 | 1 9 9 Final Capacity 10 | 8 10 10 Final Carried 10 | 2 10 9 Class Distribution -------------------- 94% | Mutant 5% | Scavenger-Mutant Dominant Class ---------------- Mutant | -10/Materials Mutant | -9/Materials Resources | -11 -10 -9 ----------- Run | Yrd Mat Mat Matter Collected 498 | 260 75 163 Remotely . | . . . Salvage Created 1688 | . 611 1077 Parts 91 | . 38 53 Haulers Intercepted 7 | . 2 5 Recyclers Shooed 3 | . . 3 Parts Field Recycled . | . . . Retrieved Matter . | . . . Parts Self-Destructed . | . . . Prevented . | . . . Kills | -11 -10 -9 ------- Run | Yrd Mat Mat Combat Hostiles Destroyed 19 | . 6 13 Guns 1 | . 1 . Cannons 16 | . 4 12 AOE 1 | . 1 . Classes Destroyed 7 | . 5 2 Hauler 7 | . 2 5 Recycler 6 | . 2 4 Operator 2 | . 1 1 Watcher 4 | . 3 1 Swarmer 2 | . . 2 Grunt 13 | . 6 7 Sentry 4 | . . 4 Best Kill Streak 7 | . 3 7 Combat Bots Only 3 | . 2 3 Max Kills in Single Turn 1 | . 1 1 Gunslinging . | . . . Exploded 1 | . 1 . Melee . | . . . Uniques/NPCs Destroyed . | . . . Combat | -11 -10 -9 -------- Run | Yrd Mat Mat Hostile Shots Fired 90 | . 21 69 Missed 28 | . 10 18 Damage Taken 788 | . 133 655 Core 148 | . 58 90 Absorbed by Shields . | . . . Regen/Repaired (Parts) 13 | . 13 . Core Remaining (%) 88 | 100 76 . Volleys Fired 103 | . 39 64 Largest 2 | . 2 2 Hottest 120 | . 120 120 Shots Fired 202 | . 74 128 Gun 50 | . 50 . Cannon 152 | . 24 128 Launcher . | . . . Special . | . . . Kinetic . | . . . Thermal 175 | . 47 128 Explosive . | . . . Electromagnetic 27 | . 27 . Robot Hit Streak 19 | . 6 19 Robot Miss Streak 6 | . 6 3 Penetration Max . | . . . Secondary Targets 1 | . 1 . Max Gunslinging Chain 1 | . 1 . Shots Hit Robots 123 | . 35 88 Core Hits 53 | . 23 30 Critical Kills . | . . . Critical Parts Destroyed . | . . . Critical Strikes . | . . . Melee Attacks . | . . . Impact . | . . . Slashing . | . . . Piercing . | . . . Sneak Attacks . | . . . Combat Hostiles . | . . . Follow-up Attacks . | . . . Damage Inflicted 2126 | . 560 1566 Guns 285 | . 285 . Cannons 1786 | . 225 1561 Explosions 34 | . 34 . Melee . | . . . Ramming 21 | . 16 5 Kinetic . | . . . Thermal 1940 | . 379 1561 Explosive . | . . . Electromagnetic 165 | . 165 . Impact . | . . . Slashing . | . . . Piercing . | . . . Highest Corruption 5 | . 5 . Average Corruption 4 | . 4 . Corruption Purged . | . . . Corruption Blocked . | . . . Effects 20 | . 20 . Message Errors 4 | . 4 . Matter Fused 7 | . 7 . Heat Flow Errors 6 | . 6 . Energy Discharges 1 | . 1 . Data Loss (minor) 2 | . 2 . Overload Shots . | . . . Overflow Damage . | . . . Projectiles . | . . . Explosions . | . . . Melee . | . . . Knockbacks . | . . . Impact . | . . . Kinetic . | . . . Secondary . | . . . Self-Inflicted Damage . | . . . Shots . | . . . Rammed . | . . . Targets Rammed 11 | . 10 1 Kicked 11 | . 10 1 Crushed . | . . . Highest Temperature 255 | . 255 231 Average Temperature 59 | . 73 40 Received Heat Transfer 339 | . 78 261 Effects 1 | . 1 . Interference 1 | . 1 . Siege Activations . | . . . Robots Corrupted . | . . . Combat Hostiles . | . . . Parts Fried . | . . . Impact Corruptions . | . . . Robots Melted 1 | . . 1 Combat Hostiles 1 | . . 1 Parts Melted 5 | . 2 3 Heat Transferred 4099 | . 806 3293 Parts Sabotaged . | . . . Parts Stolen . | . . . Parts Stripped . | . . . Power Chain Reactions 1 | . 1 . Alert | -11 -10 -9 ------- Run | Yrd Mat Mat Peak Influence 278 | . 162 278 Initial . | . . . Average 85 | . 60 148 Maximum Alert Level 1 | . . 1 Low Security (%) 90 | 100 100 68 Level 1 9 | . . 31 Level 2 . | . . . Level 3 . | . . . Level 4 . | . . . Level 5 . | . . . High Security . | . . . Max Security . | . . . Squads Dispatched 1 | . . 1 Investigation 1 | . . 1 Extermination . | . . . Reinforcement . | . . . Assault . | . . . Garrison . | . . . Intercept . | . . . Searches Triggered . | . . . Construction Impeded . | . . . Haulers Reinforced . | . . . Active Scanning Responses . | . . . Cargo Convoy Interrupts . | . . . Stealth | -11 -10 -9 --------- Run | Yrd Mat Mat Distress Signals 2 | . . 2 Communications Jammed . | . . . Distress Signals . | . . . Times Spotted 32 | . 13 19 Peak Tracking Total 4 | . 3 4 Tactical Retreats 1 | . . 1 Traps | -11 -10 -9 ------- Run | Yrd Mat Mat Traps Triggered 4 | . 3 1 Indirectly . | . . . Trap Hack Attempts . | . . . Triggered . | . . . Disarmed 3 | . 3 . Reprogrammed . | . . . Reused . | . . . Traps Extracted . | . . . Installed . | . . . Triggered . | . . . Machines | -11 -10 -9 ---------- Run | Yrd Mat Mat Machines Disabled 1 | . . 1 Max in Single Turn 1 | . . 1 Machines Repaired . | . . . Machines Dismantled . | . . . Machines Sabotaged . | . . . Overloaded Fab Kills . | . . . Hacking | -11 -10 -9 --------- Run | Yrd Mat Mat Machines Accessed 11 | . 10 1 Terminals 9 | . 8 1 Fabricators . | . . . Repair Stations 1 | . 1 . Recycling Units 1 | . 1 . Scanalyzers . | . . . Garrison Access . | . . . Total Hacks 27 | . 23 4 Successful 17 | . 16 1 Failed 10 | . 7 3 Catastrophic . | . . . Database Lockouts . | . . . Manual 22 | . 18 4 Terminals 22 | . 18 4 Fabricators . | . . . Repair Stations 4 | . 4 . Recycling Units 1 | . 1 . Scanalyzers . | . . . Garrison Access . | . . . Terminal Hacks 4 | . 4 . Branch Access Points 1 | . 1 . Terminal Index 1 | . 1 . Locate Traps 1 | . 1 . Disarm Traps 1 | . 1 . Fabricator Hacks . | . . . Repair Station Hacks 2 | . 2 . Scan Component 1 | . 1 . Repair 1 | . 1 . Recycling Unit Hacks 1 | . 1 . Report Inventory 1 | . 1 . Scanalyzer . | . . . Garrison Access Hacks . | . . . Unauthorized Hacks 10 | . 9 1 Terminals 10 | . 9 1 Botnet 8 | . 8 . Operators 2 | . 1 1 Fabricators . | . . . Repair Stations . | . . . Recycling Units . | . . . Scanalyzers . | . . . Garrison Access . | . . . Data Cores Recovered 2 | . 1 1 Used 1 | . 1 . Hacking Detections 8 | . 7 1 Full Trace Events 1 | . . 1 Feedback Events . | . . . Feedback Blocked . | . . . Robot Schematics Acquired . | . . . Robots Built . | . . . Authchips . | . . . Time . | . . . Total Robot Build Rating . | . . . Part Schematics Acquired . | . . . Parts Built . | . . . Authchips . | . . . Time . | . . . Total Part Build Rating . | . . . Parts Repaired 1 | . 1 . Time 26 | . 26 . Parts Recycled . | . . . Recycled Matter . | . . . Retrieved Matter . | . . . Retrieved Components . | . . . Parts Scanalyzed . | . . . Part Schematics Acquired . | . . . Parts Damaged . | . . . Bothacking | -11 -10 -9 ------------ Run | Yrd Mat Mat Used RIF Installer . | . . . Robots Hacked . | . . . Non-combat . | . . . Combat . | . . . Robot Hacks Applied . | . . . Relay Couplers Released . | . . . Fabnet Peak Effective % . | . . . Robots Rewired . | . . . Allies Hacked . | . . . Hacks Repelled . | . . . Allies | -11 -10 -9 -------- Run | Yrd Mat Mat Total Allies . | . . . Largest Group . | . . . Highest-Rated Group . | . . . Highest-Rated Ally . | . . . Total Orders . | . . . Ally Attacks . | . . . Total Damage . | . . . Kills . | . . . Allies Corrupted . | . . . Allies Melted . | . . . Intel | -11 -10 -9 ------- Run | Yrd Mat Mat Robot Analysis Total . | . . . Derelict Logs Recovered . | . . . Drone Launches . | . . . Drone Recoveries . | . . . Exploration | -11 -10 -9 ------------- Run | Yrd Mat Mat Turns Passed 2201 | 50 1477 674 Spaces Moved 1150 | 36 746 368 Core 10 | 10 . . Treads . | . . . Legs 1140 | 26 746 368 Wheels . | . . . Hover . | . . . Flight . | . . . Fastest Speed 50 | 50 120 120 Average Speed 153 | 109 172 120 Slowest Speed 190 | 190 190 120 Overloaded Moves . | . . . Propulsion Burnouts . | . . . Robots Hopped . | . . . Cave-ins Triggered . | . . . Exploration Rate (%) 45 | 4 97 35 Regions Visited 2 Branch Regions . Pre-discovered Areas . | . . . Known Exits Taken . | . . . Unknown Exits Taken 2 | 1 1 . Scrap Searched . | . . . Spaces Dug . | . . . Terrain Destroyed 4 | . 4 . Melee . | . . . Projectile . | . . . AOE 4 | . 4 . Terrain Rammed . | . . . Walls Destroyed . | . . . Machines Disabled . | . . . Actions | -11 -10 -9 --------- Run | Yrd Mat Mat Total 1378 | 43 860 475 Wait 40 | . 31 9 Move 1148 | 35 745 368 Hop . | . . . Pick Up 26 | 2 16 8 Fast Attach 9 | 6 2 1 Attach 7 | . . 7 Detach 2 | . . 2 Swap 13 | . 7 6 Drop 19 | . 10 9 Fire 103 | . 39 64 Melee . | . . . Ram . | . . . Kick 11 | . 10 1 Crush . | . . . Escape Stasis . | . . . Rewire . | . . . Trap . | . . . Miscellaneous . | . . . Route ------- -11/Scrapyard -10/Materials (discovered 5 exits: *Mat x3 / *Min x2) -9/Materials (discovered 2 exits: [*Mat] / [*Min]) History --------- Turn | Location | Event 30 | -11/Scrapyard | Discovered new exit (range 16) 51 | -11/Scrapyard | Entered Materials 115 | -10/Materials | Identified exit to Mines 303 | -10/Materials | Discovered new exit (range 15) 316 | -10/Materials | Build established: Mutant 520 | -10/Materials | Repaired Corrupted Imp. Heat Sink 535 | -10/Materials | Discovered new exit (range 13) 812 | -10/Materials | Discovered new exit (range 12) 1528 | -10/Materials | Entered another Materials area 1528 | -9/Materials | Evolved 2 slots: Propulsion x1, Utility x1 1777 | -9/Materials | Discovered new exit (range 16) 2166 | -9/Materials | Discovered new exit (range 13) 2202 | -9/Materials | Self-destructed Last Messages --------------- 02108_ R-06 Scavenger collects Prototype Flight Unit. 02109_ Aluminum Leg destroyed. 02110_ K-01 Serf collects debris. 02115_ Y-45 Defender destroyed. 02116_ K-01 Serf collects debris. 02125_ Lgt. Armor Plating melted. 02125_ Hvy. Assault Rifle melted. 02125_ Y-45 Defender destroyed. 02127_ K-01 Serf collects debris. 02129_ R-06 Scavenger destroyed. 02130_ K-01 Serf collects debris. 02138_ R-06 Scavenger destroyed. 02140_ K-01 Serf collects debris. 02141_ Acquired 10 matter. 02143_ K-01 Serf collects debris. 02166_ EXIT=FOUND 02193_ K-01 Serf cleans the Electrolysis Chamber. 02201_ Triggered Blade Trap. 02201_ Massive razor-sharp blades shoot up from within the floor. 02201_ Beam Cannon severed. Map ----- +----------------------------------------------------+ | | | | | | | | | | | | | | | | | | | | | | | | | | | ???????????????????????????????????????? | | ???????????????????????????????????##### | | ??????????????????????????????????? | | ??????????????????################ | | ??????????????????# # """ " | | ??????????????????# < + """ " | | ??????????????????# # """ " | | ??????????????????####+####### # | | ???????###????##### #?# ####### | | ???????# ??# + """ #?# # [! | | ???????# """ # # """ %#?# + T [! | | ???????# """ + # """ #?# # | | ???????# """ #@^ # [#?# ####### | | ???????# ??# # """ ### ##????? | | ???????# "????# # """ ## ###### | | ???????#??????# # """ ## | | ??????????????# # ## | | ??????????????+ ########### | | ??????????????# #?????????# ###### | | ??????????????# #?????????#######????? | | ??????????????# #????????????????????? | | ??????????????# #????????????????????? | | ??????????????# #?????????? ########## | | ?????????????? ????????? | | ?????????????? ????????? | | ??????????????? ????????? | | ??????????????? #???????????########## | | ??????????????? k???????????#####?????? | | ??????????????????????######## ????? | | ??????????????????????# #] """##### | | ??????????????????????# # """## | | ??????????????????????# # """## | | ??????????????????????# """ # """## | | ??????????????????????# """ # ??# | | ??????????????????????# """ ##+##??# | | ??????????????????????#####+## #### " | | ??????????????????????????# + T | +----------------------------------------------------+ Best States ------------- Heat Dissipation 50 Energy Generation 14 Energy Capacity 250 Matter Stores 300 Matter Capacity 300 Sight Range 16 Terrain Scan Density 10 Armor Coverage 150 Evasion (%) 55 Item Schematics ----------------- None Robot Schematics ------------------ None Fabricated ------------ Nothing Alien Tech Used ----------------- None Achievements -------------- None Challenges ------------ None Game ------ Seed ClaymoresSubatomicNetwork Manual? 0 Play Time 00:20:24 Cumulative 22.8 hours Start 2024.06.04 @ 21:01:52 End 2024.06.04 @ 21:24:41 Sessions 1 Manual Loads 0 Difficulty Rogue Special Mode None Game No. 51 Rogue 51 Adventurer 0 Explorer 0 Win Type - Total 0 Types 0/0/0/0/0/0/0/0/0 Lore% 20 Gallery% 22 Achievement% 20 Wizard Run 0 Options --------- Layout 0 ASCII 0 Keyboard 0 Movement Mouse Keybinds 0 Fullscreen 2 Font 18/Terminus Map View 76x50 Zoom Use 0% Tactical HUD 1 Map Filters NONE Filters NONE Steam 1 RUN: 6ec904f4-c618-48ba-bdef-1017c4fa0d2f